AoeStats
← _xRegulusx_

Nomad

508750730Analyzed
4v4 RM · 9d ago on Sep 23, 2026· 31m 28s· 8 players
Game mode
Random Map
Map size
231×231
Population
200
Speed
Normal
Resources
Standard
Victory
Conquest
Starting age
Dark Age
Ending age
Imperial Age
RankedLock teamsTeams togetherTeam positionsShared explorationLock speedFull tech treeHidden civsTurbo modeCheats
Victory
Defeat
🇲🇽 Chinese · Mexico
1531
+17
🇧🇷 Gurjaras · Brazil
1487
+18
🇦🇷 Malay · Argentina
1482
+19
🇲🇽 Persians · Mexico
1477
+19
🇨🇴 Lithuanians · Colombia
1595
-20
🇨🇴 Burgundians · Colombia
1579
-20
🇨🇴 Aztecs · Colombia
1542
-18
🇨🇴 Celts · Colombia
1454
-15
_xRegulusx_
3:05 Loom
13:16 Feudal Age
17:45 Castle Age
15:35 Fishing Lines
16:46 Double-Bit Axe
17:36 Bloodlines
17:22 Gold Mining
19:08 Bow Saw
22:44 Scale Barding Armor
25:28 Forging
28:04 Chain Barding Armor
27:53 Husbandry
29:29 Fletching
30:09 Bodkin Arrow
30:15 Gillnets
thefacelessz12
3:28 Loom
15:01 Feudal Age
15:30 Double-Bit Axe
22:10 Castle Age
20:41 Fishing Lines
22:31 Light Cavalry
24:03 Bow Saw
24:16 Husbandry
33:12 Imperial Age
32:16 Wheelbarrow
31:26 Town Watch
32:13 Bloodlines
32:09 Scale Barding Armor
32:14 Forging
Busco señora que cobre PUAM
5:03 Loom
5:33 Loom
12:13 Feudal Age
14:54 Forging
15:15 Double-Bit Axe
17:57 Town Watch
20:49 Castle Age
20:39 Medium Warships
25:55 Iron Casting
29:34 Wheelbarrow
33:54 Imperial Age
31:32 Fletching
31:43 Padded Archer Armor
32:07 Bow Saw
Chagas
4:36 Loom
13:04 Feudal Age
17:13 Castle Age
16:04 Fletching
17:30 Double-Bit Axe
17:25 Horse Collar
17:51 Bodkin Arrow
26:08 Guard Tower
VLC | GreenIsland
5:48 Loom
13:41 Feudal Age
17:52 Castle Age
17:19 Double-Bit Axe
19:44 Pikeman
29:59 Horse Collar
31:57 Heavy Plow
VLC | BacTi
4:25 Loom
13:20 Feudal Age
13:19 Double-Bit Axe
25:19 Castle Age
23:47 Fletching
VLC | Tithen
5:23 Loom
14:22 Feudal Age
15:03 Double-Bit Axe
20:09 Castle Age
18:30 Horse Collar
19:02 Scale Mail Armor
20:21 Town Watch
22:22 Wheelbarrow
22:20 Pikeman
26:41 Chain Mail Armor
VLC | DafeKhan
4:37 Loom
13:27 Feudal Age
15:50 Double-Bit Axe
20:30 Castle Age
20:44 Fishing Lines
21:20 Medium Warships
21:41 Gillnets
22:08 Bow Saw
24:45 Sanctity
Connection lost

Rejoining the realm…

Still unreachable

The connection could not be restored.

Session expired

The server has moved on; the page needs a fresh start.